BlackHawks vs Jets

Created - December 8, 2016 at 17:34

Goals
1 2 3 T
BlackHawks 2 0 2 4
Jets 2 1 3 6
Shots
1 2 3 T
BlackHawks 10 4 9 23
Jets 13 13 14 40

1st period

1. BlackHawks , Sam Bennett 4 (Patrik Elias, Roman Polak) at 1:09
2. Jets , Joe Pavelski 19 (David Krejci, Nick Holden) at 13:27
3. BlackHawks , Artemi Panarin 6 (Alex Galchenyuk, Phil Kessel) at 16:07
4. Jets , Frans Nielsen 13 (Brayden Schenn) at 17:49

Penalties :
No Penalty

2nd period

5. Jets , David Krejci 17 (Tobias Enstrom, Hampus Lindholm) at 4:41

Penalties :
Nick Holden (WPG) for Roughing (Minor) at 5:24, Trevor Lewis (CHI) for Holding Stick (Minor) at 8:07, Adam McQuaid (CHI) for Hooking (Minor) at 14:01

3rd period

6. Jets , Brayden Schenn 10 (Frans Nielsen) at 3:30
7. BlackHawks , Dion Phaneuf 1 (Phil Kessel, Artemi Panarin) at 4:10
8. Jets , Rickard Rakell 9 (Jason Zucker, Erik Gustafsson) at 5:34
9. BlackHawks , Zack Kassian 1 (Patrik Elias, Kris Letang) at 17:39
10. Jets , Teemu Pulkkinen 2 (Adam Lowry) at 19:03

Penalties :
Adam McQuaid (CHI) for Interference (Minor) at 6:24, Brent Seabrook (WPG) for Holding (Minor) at 12:48

Goalie Stats

Craig Anderson (CHI), 34 saves from 40 shots - (0.850), L, 9-12-3, 60:00 minutes
Calvin Pickard (WPG), 19 saves from 23 shots - (0.826), W, 4-2-0, 60:00 minutes

Players Stats for BlackHawks

Player Name              G  A  P  +/- PIM S  H  SB GA TA FO     MP     PP MP  PK MP  
------------------------------------------------------------------------------------
Adam McQuaid             0  0  0  -4  4   1  7  3  0  0  0/0    18:41   0:00   0:31 
Alex Galchenyuk          0  1  1   1  0   1  1  0  0  0  7/22   21:29   2:32   1:31 
Artemi Panarin           1  1  2   1  0   2  0  0  0  0  0/2    19:58   2:32   0:00 
Deryk Engelland          0  0  0   0  0   0  1  0  0  0  0/0     9:22   0:00   2:40 
Dion Phaneuf             1  0  1   2  0   3  4  0  0  0  0/0    23:14   2:32   3:08 
Jack Eichel              0  0  0  -3  0   3  0  0  0  0  14/23  15:54   1:26   0:00 
Jason Chimera            0  0  0  -3  0   1  0  0  0  0  0/1    15:54   1:26   0:00 
John-Michael Liles       0  0  0   0  0   0  1  1  0  0  0/0    16:06   1:26   0:21 
Kris Letang              0  1  1   2  0   0  1  1  0  0  0/0    23:41   2:32   4:10 
Olli Maatta              0  0  0  -4  0   1  1  6  0  0  0/0    19:59   1:26   0:21 
Patrik Elias             0  2  2   0  0   2  0  0  0  0  1/2    12:55   1:26   0:00 
Phil Kessel              0  2  2   1  0   2  0  0  0  0  1/2    19:58   2:32   0:00 
Roman Polak              0  1  1   0  0   0  4  3  0  0  0/0    18:17   0:00   3:23 
Sam Bennett              1  0  1   0  0   1  0  0  0  0  3/12   11:29   0:00   0:00 
Steve Ott                0  0  0   0  0   1  0  0  0  0  8/13    9:38   0:00   2:56 
Tom Wilson               0  0  0  -3  0   0  3  1  0  0  2/3    17:37   0:00   3:09 
Trevor Lewis             0  0  0   0  2   2  0  0  0  0  1/2     8:19   0:00   1:38 
Zack Kassian             1  0  1   0  0   3  2  0  0  0  0/1    11:29   0:00   0:00 

Players Stats for Jets

Player Name              G  A  P  +/- PIM S  H  SB GA TA FO     MP     PP MP  PK MP  
------------------------------------------------------------------------------------
Adam Lowry               0  1  1   1  0   0  0  0  0  0  0/1     9:02   0:00   2:34 
Boyd Gordon              0  0  0   1  0   0  0  0  0  0  4/7     6:50   0:00   0:22 
Brayden Schenn           1  1  2   1  0   3  6  0  0  0  3/3    18:55   3:25   0:00 
Brent Seabrook           0  0  0   0  2   1  0  0  0  0  0/0    22:21   2:08   0:49 
Cam Atkinson             0  0  0   1  0   5  0  1  0  0  2/4    20:07   3:25   1:12 
David Krejci             1  1  2   1  0   4  0  0  0  0  11/23  19:25   2:32   0:14 
Erik Gustafsson          0  1  1   0  0   0  0  1  0  0  0/0    14:57   0:04   0:14 
Frans Nielsen            1  1  2   1  0   8  0  1  0  0  15/26  19:17   3:25   0:22 
Hampus Lindholm          0  1  1   2  0   1  1  3  0  0  0/0    25:11   3:39   1:51 
Jamie Benn               0  0  0   1  0   2  1  0  0  0  1/1    19:11   2:32   0:00 
Jason Zucker             0  1  1  -1  0   0  1  0  0  0  0/1    11:28   0:00   0:00 
Joe Pavelski             1  0  1   1  0   5  0  0  0  0  0/0    19:11   2:32   0:00 
Nick Bonino              0  0  0  -1  0   3  0  2  0  0  9/15   13:38   0:00   2:10 
Nick Holden              0  1  1   0  2   0  7  1  0  0  0/0    19:06   2:18   1:04 
Radko Gudas              0  0  0   0  0   1  0  3  0  0  0/0    17:57   1:27   1:51 
Rickard Rakell           1  0  1  -1  0   2  0  0  0  0  0/0    11:28   0:00   0:00 
Teemu Pulkkinen          1  0  1   1  0   3  0  0  0  0  1/2     7:30   0:00   1:02 
Tobias Enstrom           0  1  1   2  0   2  0  0  0  0  0/0    20:26   2:18   2:07 

3 Stars

1 - Brayden Schenn (WPG)
2 - Dion Phaneuf (CHI)
3 - Frans Nielsen (WPG)

Power Play

BlackHawks - 0 on 2 Attempt(s) - 0.00%
Jets - 0 on 3 Attempt(s) - 0.00%

Penalty Kill

BlackHawks - 3 on 3 Attempt(s) - 100.00% - Score 0 goal in Penalty Kill
Jets - 2 on 2 Attempt(s) - 100.00% - Score 0 goal in Penalty Kill

Team Stat

BlackHawks - Hits : 25 - Faceoff Wins : 37 - Blocked Shots : 15 - Penalty Minutes : 6
Jets - Hits : 16 - Faceoff Wins : 46 - Blocked Shots : 12 - Penalty Minutes : 4

Official

Referees : Gord Dwyer and Brian Pochmara
Linesman : Matt MacPherson and Mike Cvik

Game Notes

No Game Note

Finance

Level 1 -- Attendance: 6000 (100.00%) -- Ticket Income $588,000
Level 2 -- Attendance: 4579 (91.58%) -- Ticket Income $352,583
Level 3 -- Attendance: 2120 (96.36%) -- Ticket Income $152,640
Level 4 -- Attendance: 1016 (100.00%) -- Ticket Income $67,056
Luxury Box -- Attendance: 710 (88.75%) -- Ticket Income $163,300
Game was played at the MTS Center.
Total Attendance: 14425 (96.06%)
Total Ticket Income: $1,323,579
Other Income: $198,537
Total Income: $1,522,116

% Time on Ice - BlackHawks

Lines # - Real PCT - Wanted PCT - Time Play
Normal Forward
1 - 35% - 35% - 17:26
2 - 29% - 27% - 14:28
3 - 23% - 23% - 11:29
4 - 13% - 15% - 6:42
Normal Defense
1 - 34% - 37% - 16:59
2 - 36% - 34% - 18:12
3 - 29% - 29% - 14:19
4 - 1% - 0% - 0:35
PP Forward
1 - 64% - 55% - 2:32
2 - 36% - 45% - 1:26
PP Defense
1 - 64% - 55% - 2:32
2 - 36% - 45% - 1:26
PK Forward
1 - 55% - 55% - 3:17
2 - 45% - 45% - 2:40
PK Defense
1 - 39% - 50% - 2:20
2 - 61% - 50% - 3:37
PK3 Forward
1 - 0% - 50%
2 - 0% - 50%
PK3 Defense
1 - 0% - 55%
2 - 0% - 45%
44 Forward
1 - 0% - 55%
2 - 0% - 45%
44 Defense
1 - 0% - 55%
2 - 0% - 45%
Last Minute Offensive  - 0:00
Last Minute Defensive  - 0:00
Total
Forward - 60:00
Defense - 60:00

% Time on Ice - Jets

Lines # - Real PCT - Wanted PCT - Time Play
Normal Forward
1 - 33% - 34% - 16:39
2 - 31% - 33% - 15:30
3 - 23% - 21% - 11:28
4 - 13% - 12% - 6:28
Normal Defense
1 - 32% - 34% - 16:01
2 - 31% - 32% - 15:45
3 - 29% - 23% - 14:39
4 - 7% - 11% - 3:40
PP Forward
1 - 43% - 63% - 2:32
2 - 57% - 37% - 3:25
PP Defense
1 - 61% - 70% - 3:39
2 - 39% - 30% - 2:18
PK Forward
1 - 91% - 65% - 3:36
2 - 9% - 35% - 0:22
PK Defense
1 - 53% - 60% - 2:07
2 - 47% - 40% - 1:51
PK3 Forward
1 - 0% - 70%
2 - 0% - 30%
PK3 Defense
1 - 0% - 60%
2 - 0% - 40%
44 Forward
1 - 0% - 50%
2 - 0% - 50%
44 Defense
1 - 0% - 51%
2 - 0% - 49%
Last Minute Offensive  - 0:00
Last Minute Defensive  - 0:00
Total
Forward - 60:00
Defense - 60:00

Play by Play

1st period


0:01 of 1st period - David Krejci wins face-off versus Alex Galchenyuk in neutral zone.
0:04 of 1st period - Shot by Jamie Benn.
0:04 of 1st period - Deflect By David Krejci.
0:04 of 1st period - Stopped by Craig Anderson without a rebound.
0:05 of 1st period - Brayden Schenn wins face-off versus Tom Wilson in BlackHawks zone.
0:35 of 1st period - Shot by Jason Chimera.
0:35 of 1st period - Stopped by Calvin Pickard without a rebound.
0:36 of 1st period - Sam Bennett wins face-off versus Nick Bonino in Jets zone.
1:07 of 1st period - Shot by Sam Bennett.
1:07 of 1st period - Shot Misses the Net.
1:09 of 1st period - Shot by Sam Bennett.
1:09 of 1st period - Goal by Sam Bennett - BlackHawks : 1 - Jets : 0.
1:10 of 1st period - Alex Galchenyuk wins face-off versus David Krejci in neutral zone.
1:19 of 1st period - Shot by Artemi Panarin.
1:19 of 1st period - Stopped by Calvin Pickard with a rebound.
1:50 of 1st period - Icing by Tobias Enstrom.
1:51 of 1st period - Steve Ott wins face-off versus David Krejci in Jets zone.
1:56 of 1st period - Shot by Trevor Lewis.
1:56 of 1st period - Stopped by Calvin Pickard with a rebound.
2:30 of 1st period - Shot by Teemu Pulkkinen.
2:30 of 1st period - Shot Misses the Net.
2:32 of 1st period - Shot by Nick Holden.
2:32 of 1st period - Shot Blocked by Adam McQuaid.
2:34 of 1st period - Shot by Adam Lowry.
2:34 of 1st period - Deflect By Teemu Pulkkinen.
2:34 of 1st period - Stopped by Craig Anderson without a rebound.
2:35 of 1st period - Frans Nielsen wins face-off versus Jack Eichel in BlackHawks zone.
2:38 of 1st period - Shot by Cam Atkinson.
2:38 of 1st period - Stopped by Craig Anderson without a rebound.
2:39 of 1st period - Alex Galchenyuk wins face-off versus Frans Nielsen in BlackHawks zone.
2:41 of 1st period - Icing by Artemi Panarin.
2:42 of 1st period - Frans Nielsen wins face-off versus Alex Galchenyuk in BlackHawks zone.
3:15 of 1st period - Shot by Frans Nielsen.
3:15 of 1st period - Stopped by Craig Anderson without a rebound.
3:16 of 1st period - Jack Eichel wins face-off versus Nick Bonino in BlackHawks zone.
3:22 of 1st period - Off-side.
3:23 of 1st period - David Krejci wins face-off versus Jack Eichel in neutral zone.
3:26 of 1st period - Shot by Joe Pavelski.
3:26 of 1st period - Shot Misses the Net.
3:46 of 1st period - Shot by Jack Eichel.
3:46 of 1st period - Shot Misses the Net.
4:41 of 1st period - Shot by Patrik Elias.
4:41 of 1st period - Shot Blocked by Radko Gudas.
4:43 of 1st period - Shot by Zack Kassian.
4:43 of 1st period - Stopped by Calvin Pickard without a rebound.
4:44 of 1st period - Alex Galchenyuk wins face-off versus Frans Nielsen in Jets zone.
4:47 of 1st period - Shot by Phil Kessel.
4:47 of 1st period - Shot Blocked by Cam Atkinson.
4:57 of 1st period - Shot by Frans Nielsen.
4:57 of 1st period - Shot Misses the Net.
5:00 of 1st period - Frans Nielsen is hit by Roman Polak and loses puck.
5:11 of 1st period - Shot by Cam Atkinson.
5:11 of 1st period - Shot Misses the Net.
5:13 of 1st period - Shot by Frans Nielsen.
5:13 of 1st period - Shot Misses the Net.
6:26 of 1st period - Shot by Sam Bennett.
6:26 of 1st period - Deflect By Patrik Elias.
6:26 of 1st period - Stopped by Calvin Pickard without a rebound.
6:27 of 1st period - Steve Ott wins face-off versus Boyd Gordon in Jets zone.
6:35 of 1st period - Off-side.
6:36 of 1st period - Jack Eichel wins face-off versus Teemu Pulkkinen in neutral zone.
6:43 of 1st period - Off-side.
6:44 of 1st period - Frans Nielsen wins face-off versus Jack Eichel in neutral zone.
6:46 of 1st period - Off-side.
6:47 of 1st period - Brayden Schenn wins face-off versus Steve Ott in neutral zone.
6:57 of 1st period - Shot by Frans Nielsen.
6:57 of 1st period - Shot Blocked by Olli Maatta.
6:59 of 1st period - Shot by Brayden Schenn.
6:59 of 1st period - Shot Blocked by Adam McQuaid.
7:01 of 1st period - Shot by Frans Nielsen.
7:01 of 1st period - Stopped by Craig Anderson without a rebound.
7:02 of 1st period - Boyd Gordon wins face-off versus Jason Chimera in BlackHawks zone.
7:42 of 1st period - Adam Lowry is hit by Dion Phaneuf and loses puck.
7:48 of 1st period - Icing by Kris Letang.
7:49 of 1st period - Jack Eichel wins face-off versus Frans Nielsen in BlackHawks zone.
7:49 of 1st period - Jack Eichel is hit by Brayden Schenn.
7:54 of 1st period - Kris Letang is hit by Nick Holden and loses puck.
8:07 of 1st period - Olli Maatta is hit by Brayden Schenn and loses puck.
8:31 of 1st period - Artemi Panarin is hit by Nick Holden and loses puck.
8:44 of 1st period - Artemi Panarin is hit by Nick Holden and loses puck.
9:38 of 1st period - Icing by Roman Polak.
9:39 of 1st period - Nick Bonino wins face-off versus Sam Bennett in BlackHawks zone.
9:42 of 1st period - Shot by Nick Bonino.
9:42 of 1st period - Shot Blocked by John-Michael Liles.
10:30 of 1st period - Deryk Engelland is hit by Hampus Lindholm and loses puck.
10:43 of 1st period - Shot by Alex Galchenyuk.
10:43 of 1st period - Shot Blocked by Nick Bonino.
10:53 of 1st period - Shot by Alex Galchenyuk.
10:53 of 1st period - Stopped by Calvin Pickard without a rebound.
10:54 of 1st period - Jack Eichel wins face-off versus David Krejci in Jets zone.
10:58 of 1st period - Icing by Brent Seabrook.
10:59 of 1st period - David Krejci wins face-off versus Alex Galchenyuk in Jets zone.
11:29 of 1st period - Shot by David Krejci.
11:29 of 1st period - Stopped by Craig Anderson without a rebound.
11:30 of 1st period - Frans Nielsen wins face-off versus Jack Eichel in BlackHawks zone.
11:30 of 1st period - Frans Nielsen is hit by Roman Polak.
11:32 of 1st period - Shot by Cam Atkinson.
11:32 of 1st period - Shot Misses the Net.
11:45 of 1st period - Cam Atkinson is hit by Roman Polak.
11:48 of 1st period - Frans Nielsen is hit by John-Michael Liles and loses puck.
11:52 of 1st period - Brayden Schenn is hit by Roman Polak and loses puck.
12:01 of 1st period - Shot by Cam Atkinson.
12:01 of 1st period - Shot Misses the Net.
12:03 of 1st period - Shot by Frans Nielsen.
12:03 of 1st period - Shot Blocked by Roman Polak.
12:05 of 1st period - Shot by Cam Atkinson.
12:05 of 1st period - Shot Blocked by Roman Polak.
12:07 of 1st period - Shot by Cam Atkinson.
12:07 of 1st period - Stopped by Craig Anderson without a rebound.
12:08 of 1st period - David Krejci wins face-off versus Alex Galchenyuk in BlackHawks zone.
12:20 of 1st period - Icing by Dion Phaneuf.
12:21 of 1st period - Boyd Gordon wins face-off versus Alex Galchenyuk in BlackHawks zone.
13:09 of 1st period - Icing by Dion Phaneuf.
13:10 of 1st period - Alex Galchenyuk wins face-off versus David Krejci in BlackHawks zone.
13:27 of 1st period - Shot by Joe Pavelski.
13:27 of 1st period - Goal by Joe Pavelski - BlackHawks : 1 - Jets : 1.
13:28 of 1st period - Tom Wilson wins face-off versus Frans Nielsen in neutral zone.
14:20 of 1st period - Shot by David Krejci.
14:20 of 1st period - Shot Blocked by Tom Wilson.
14:38 of 1st period - Shot by David Krejci.
14:38 of 1st period - Shot Blocked by Olli Maatta.
14:40 of 1st period - Shot by David Krejci.
14:40 of 1st period - Stopped by Craig Anderson without a rebound.
14:41 of 1st period - Steve Ott wins face-off versus Nick Bonino in BlackHawks zone.
15:27 of 1st period - Nick Holden is hit by Deryk Engelland and loses puck.
15:43 of 1st period - Icing by Brent Seabrook.
15:44 of 1st period - Nick Bonino wins face-off versus Alex Galchenyuk in Jets zone.
16:07 of 1st period - Shot by Artemi Panarin.
16:07 of 1st period - Goal by Artemi Panarin - BlackHawks : 2 - Jets : 1.
16:08 of 1st period - Sam Bennett wins face-off versus David Krejci in neutral zone.
16:11 of 1st period - Shot by John-Michael Liles.
16:11 of 1st period - Shot Hit the Post.
16:15 of 1st period - Shot by Zack Kassian.
16:15 of 1st period - Shot Misses the Net.
17:14 of 1st period - Shot by Artemi Panarin.
17:14 of 1st period - Shot Blocked by Radko Gudas.
17:20 of 1st period - Shot by Phil Kessel.
17:20 of 1st period - Stopped by Calvin Pickard without a rebound.
17:21 of 1st period - Tom Wilson wins face-off versus Boyd Gordon in Jets zone.
17:36 of 1st period - Shot by Jack Eichel.
17:36 of 1st period - Stopped by Calvin Pickard without a rebound.
17:37 of 1st period - Frans Nielsen wins face-off versus Alex Galchenyuk in Jets zone.
17:49 of 1st period - Shot by Frans Nielsen.
17:49 of 1st period - Goal by Frans Nielsen - BlackHawks : 2 - Jets : 2.
17:50 of 1st period - Boyd Gordon wins face-off versus Zack Kassian in neutral zone.
17:59 of 1st period - Shot by Teemu Pulkkinen.
17:59 of 1st period - Stopped by Craig Anderson without a rebound.
18:00 of 1st period - Jack Eichel wins face-off versus Cam Atkinson in BlackHawks zone.
18:10 of 1st period - Icing by Frans Nielsen.
18:11 of 1st period - Frans Nielsen wins face-off versus Phil Kessel in Jets zone.
18:24 of 1st period - Shot by Frans Nielsen.
18:24 of 1st period - Shot Misses the Net.
18:26 of 1st period - Shot by Tobias Enstrom.
18:26 of 1st period - Stopped by Craig Anderson with a rebound.
18:28 of 1st period - Shot by Frans Nielsen.
18:28 of 1st period - Shot Hit the Post.
18:35 of 1st period - Icing by Artemi Panarin.
18:36 of 1st period - Jamie Benn wins face-off versus Alex Galchenyuk in BlackHawks zone.
18:43 of 1st period - Shot by Jamie Benn.
18:43 of 1st period - Shot Misses the Net.
18:45 of 1st period - Shot by Joe Pavelski.
18:45 of 1st period - Stopped by Craig Anderson without a rebound.
18:46 of 1st period - Jack Eichel wins face-off versus David Krejci in BlackHawks zone.
19:28 of 1st period - David Krejci is hit by Tom Wilson and loses puck.
19:57 of 1st period - Dion Phaneuf is hit by Brayden Schenn and loses puck.
Goals for this period are 2 for BlackHawks vs 2 for Jets.
Shots for this period are 10 for BlackHawks vs 13 for Jets.

2nd period


0:01 of 2nd period - Frans Nielsen wins face-off versus Sam Bennett in neutral zone.
0:20 of 2nd period - Hampus Lindholm is hit by Zack Kassian and loses puck.
0:29 of 2nd period - Shot by Frans Nielsen.
0:29 of 2nd period - Shot Misses the Net.
0:31 of 2nd period - Shot by Tobias Enstrom.
0:31 of 2nd period - Stopped by Craig Anderson without a rebound.
0:32 of 2nd period - Phil Kessel wins face-off versus David Krejci in BlackHawks zone.
0:38 of 2nd period - Alex Galchenyuk is hit by Nick Holden and loses puck.
0:51 of 2nd period - Shot by Phil Kessel.
0:51 of 2nd period - Shot Blocked by Nick Holden.
0:58 of 2nd period - Alex Galchenyuk is hit by Nick Holden.
1:08 of 2nd period - Shot by Alex Galchenyuk.
1:08 of 2nd period - Shot Misses the Net.
1:13 of 2nd period - Artemi Panarin is hit by Nick Holden and loses puck.
1:33 of 2nd period - Icing by Steve Ott.
1:34 of 2nd period - Steve Ott wins face-off versus Jason Zucker in BlackHawks zone.
1:38 of 2nd period - Icing by Kris Letang.
1:39 of 2nd period - Steve Ott wins face-off versus Frans Nielsen in BlackHawks zone.
1:56 of 2nd period - Shot by Brayden Schenn.
1:56 of 2nd period - Shot Blocked by Kris Letang.
1:58 of 2nd period - Shot by Frans Nielsen.
1:58 of 2nd period - Stopped by Craig Anderson without a rebound.
1:59 of 2nd period - Patrik Elias wins face-off versus Nick Bonino in BlackHawks zone.
1:59 of 2nd period - Patrik Elias is hit by Jason Zucker.
2:16 of 2nd period - Shot by Jason Zucker.
2:16 of 2nd period - Shot Blocked by Adam McQuaid.
2:24 of 2nd period - Shot by Nick Bonino.
2:24 of 2nd period - Shot Misses the Net.
2:26 of 2nd period - Shot by Nick Bonino.
2:26 of 2nd period - Stopped by Craig Anderson with a rebound.
2:28 of 2nd period - Shot by Radko Gudas.
2:28 of 2nd period - Stopped by Craig Anderson without a rebound.
2:29 of 2nd period - Frans Nielsen wins face-off versus Alex Galchenyuk in BlackHawks zone.
2:29 of 2nd period - Frans Nielsen is hit by Dion Phaneuf.
3:30 of 2nd period - Icing by Jamie Benn.
3:31 of 2nd period - Jack Eichel wins face-off versus David Krejci in Jets zone.
3:32 of 2nd period - Shot by Tom Wilson.
3:32 of 2nd period - Deflect By Jack Eichel.
3:32 of 2nd period - Stopped by Calvin Pickard without a rebound.
3:33 of 2nd period - Boyd Gordon wins face-off versus Jack Eichel in Jets zone.
3:47 of 2nd period - Radko Gudas is hit by Adam McQuaid and loses puck.
4:07 of 2nd period - Adam Lowry is hit by Adam McQuaid.
4:11 of 2nd period - Shot by Boyd Gordon.
4:11 of 2nd period - Shot Misses the Net.
4:14 of 2nd period - Boyd Gordon is hit by Adam McQuaid and loses puck.
4:24 of 2nd period - Hampus Lindholm is hit by Tom Wilson and loses puck.
4:35 of 2nd period - Shot by Jamie Benn.
4:35 of 2nd period - Shot Blocked by Olli Maatta.
4:37 of 2nd period - Shot by Hampus Lindholm.
4:37 of 2nd period - Shot Blocked by Olli Maatta.
4:41 of 2nd period - Shot by David Krejci.
4:41 of 2nd period - Goal by David Krejci - BlackHawks : 2 - Jets : 3.
4:42 of 2nd period - Nick Bonino wins face-off versus Sam Bennett in neutral zone.
5:22 of 2nd period - Patrik Elias is hit by Nick Holden and loses puck.
5:24 of 2nd period - Minor Penalty to Nick Holden for Roughing.
5:25 of 2nd period - Alex Galchenyuk wins face-off versus Nick Bonino in Jets zone.
5:44 of 2nd period - Shot by Artemi Panarin.
5:44 of 2nd period - Deflect By Alex Galchenyuk.
5:44 of 2nd period - Shot Misses the Net.
5:46 of 2nd period - Shot by Alex Galchenyuk.
5:46 of 2nd period - Shot Misses the Net.
5:48 of 2nd period - Shot by Alex Galchenyuk.
5:48 of 2nd period - Shot Blocked by Radko Gudas.
5:50 of 2nd period - Shot by Dion Phaneuf.
5:50 of 2nd period - Shot Blocked by Hampus Lindholm.
5:52 of 2nd period - Shot by Dion Phaneuf.
5:52 of 2nd period - Shot Blocked by Hampus Lindholm.
6:29 of 2nd period - Icing by John-Michael Liles.
6:30 of 2nd period - Jack Eichel wins face-off versus Cam Atkinson in BlackHawks zone.
6:49 of 2nd period - Shot by Patrik Elias.
6:49 of 2nd period - Stopped by Calvin Pickard without a rebound.
6:50 of 2nd period - Cam Atkinson wins face-off versus Alex Galchenyuk in Jets zone.
7:28 of 2nd period - Shot by Steve Ott.
7:28 of 2nd period - Stopped by Calvin Pickard with a rebound.
7:30 of 2nd period - Shot by Olli Maatta.
7:30 of 2nd period - Stopped by Calvin Pickard with a rebound.
7:36 of 2nd period - Shot by Deryk Engelland.
7:36 of 2nd period - Shot Misses the Net.
8:07 of 2nd period - Minor Penalty to Trevor Lewis for Holding Stick.
8:08 of 2nd period - Steve Ott wins face-off versus Frans Nielsen in BlackHawks zone.
8:30 of 2nd period - Cam Atkinson is hit by Tom Wilson and loses puck.
9:45 of 2nd period - Shot by Brayden Schenn.
9:45 of 2nd period - Shot Misses the Net.
9:47 of 2nd period - Shot by Hampus Lindholm.
9:47 of 2nd period - Stopped by Craig Anderson with a rebound.
9:49 of 2nd period - Shot by Frans Nielsen.
9:49 of 2nd period - Deflect By Cam Atkinson.
9:49 of 2nd period - Shot Misses the Net.
9:51 of 2nd period - Shot by Frans Nielsen.
9:51 of 2nd period - Shot Blocked by Roman Polak.
9:53 of 2nd period - Shot by Frans Nielsen.
9:53 of 2nd period - Deflect By Brayden Schenn.
9:53 of 2nd period - Shot Misses the Net.
10:15 of 2nd period - Shot by Rickard Rakell.
10:15 of 2nd period - Stopped by Craig Anderson without a rebound.
10:16 of 2nd period - Nick Bonino wins face-off versus Sam Bennett in BlackHawks zone.
10:22 of 2nd period - Icing by Adam McQuaid.
10:23 of 2nd period - Nick Bonino wins face-off versus Patrik Elias in BlackHawks zone.
10:31 of 2nd period - Icing by Olli Maatta.
10:32 of 2nd period - Nick Bonino wins face-off versus Sam Bennett in BlackHawks zone.
10:32 of 2nd period - Brent Seabrook is hit by Adam McQuaid and loses puck.
10:35 of 2nd period - Shot by Nick Bonino.
10:35 of 2nd period - Stopped by Craig Anderson without a rebound.
10:36 of 2nd period - Jack Eichel wins face-off versus David Krejci in BlackHawks zone.
11:08 of 2nd period - Shot by Jack Eichel.
11:08 of 2nd period - Shot Misses the Net.
12:16 of 2nd period - Shot by Sam Bennett.
12:16 of 2nd period - Shot Misses the Net.
12:45 of 2nd period - Cam Atkinson is hit by Adam McQuaid and loses puck.
12:49 of 2nd period - Brayden Schenn is hit by Adam McQuaid and loses puck.
13:18 of 2nd period - Shot by Cam Atkinson.
13:18 of 2nd period - Shot Blocked by Olli Maatta.
13:40 of 2nd period - Nick Bonino is hit by Olli Maatta.
13:42 of 2nd period - Shot by Jason Zucker.
13:42 of 2nd period - Shot Blocked by Olli Maatta.
14:01 of 2nd period - Minor Penalty to Adam McQuaid for Hooking.
14:02 of 2nd period - Frans Nielsen wins face-off versus Steve Ott in BlackHawks zone.
14:05 of 2nd period - Shot by Hampus Lindholm.
14:05 of 2nd period - Deflect By Brayden Schenn.
14:05 of 2nd period - Stopped by Craig Anderson without a rebound.
14:06 of 2nd period - Frans Nielsen wins face-off versus Steve Ott in BlackHawks zone.
15:04 of 2nd period - Shot by Joe Pavelski.
15:04 of 2nd period - Stopped by Craig Anderson without a rebound.
15:05 of 2nd period - Frans Nielsen wins face-off versus Trevor Lewis in BlackHawks zone.
15:06 of 2nd period - Shot by Brent Seabrook.
15:06 of 2nd period - Shot Misses the Net.
15:08 of 2nd period - Shot by Brent Seabrook.
15:08 of 2nd period - Stopped by Craig Anderson without a rebound.
15:09 of 2nd period - Trevor Lewis wins face-off versus David Krejci in BlackHawks zone.
15:20 of 2nd period - Dion Phaneuf is hit by Jamie Benn and loses puck.
17:18 of 2nd period - Shot by Phil Kessel.
17:18 of 2nd period - Shot Blocked by Nick Bonino.
17:30 of 2nd period - Shot by John-Michael Liles.
17:30 of 2nd period - Shot Blocked by Erik Gustafsson.
17:49 of 2nd period - Brayden Schenn is hit by Kris Letang and loses puck.
17:54 of 2nd period - Shot by Cam Atkinson.
17:54 of 2nd period - Stopped by Craig Anderson without a rebound.
17:55 of 2nd period - David Krejci wins face-off versus Steve Ott in BlackHawks zone.
18:00 of 2nd period - Shot by Jamie Benn.
18:00 of 2nd period - Stopped by Craig Anderson without a rebound.
18:01 of 2nd period - Jack Eichel wins face-off versus Frans Nielsen in BlackHawks zone.
18:01 of 2nd period - Jack Eichel is hit by Brayden Schenn.
18:26 of 2nd period - Jack Eichel is hit by Brayden Schenn and loses puck.
Goals for this period are 0 for BlackHawks vs 1 for Jets.
Shots for this period are 4 for BlackHawks vs 13 for Jets.

3rd period


0:01 of 3rd period - Alex Galchenyuk wins face-off versus Frans Nielsen in neutral zone.
0:16 of 3rd period - Shot by Alex Galchenyuk.
0:16 of 3rd period - Deflect By Artemi Panarin.
0:16 of 3rd period - Shot Misses the Net.
1:05 of 3rd period - Shot by Trevor Lewis.
1:05 of 3rd period - Stopped by Calvin Pickard without a rebound.
1:06 of 3rd period - David Krejci wins face-off versus Jack Eichel in Jets zone.
1:22 of 3rd period - Shot by Jamie Benn.
1:22 of 3rd period - Stopped by Craig Anderson without a rebound.
1:23 of 3rd period - Steve Ott wins face-off versus Boyd Gordon in BlackHawks zone.
2:42 of 3rd period - Shot by Phil Kessel.
2:42 of 3rd period - Stopped by Calvin Pickard without a rebound.
2:43 of 3rd period - Frans Nielsen wins face-off versus Jack Eichel in Jets zone.
2:58 of 3rd period - Shot by Brayden Schenn.
2:58 of 3rd period - Stopped by Craig Anderson without a rebound.
2:59 of 3rd period - David Krejci wins face-off versus Artemi Panarin in BlackHawks zone.
3:14 of 3rd period - Shot by Joe Pavelski.
3:14 of 3rd period - Shot Misses the Net.
3:16 of 3rd period - Shot by Jamie Benn.
3:16 of 3rd period - Shot Misses the Net.
3:18 of 3rd period - Shot by Joe Pavelski.
3:18 of 3rd period - Stopped by Craig Anderson without a rebound.
3:19 of 3rd period - Cam Atkinson wins face-off versus Sam Bennett in BlackHawks zone.
3:30 of 3rd period - Shot by Brayden Schenn.
3:30 of 3rd period - Goal by Brayden Schenn - BlackHawks : 2 - Jets : 4.
3:31 of 3rd period - David Krejci wins face-off versus Artemi Panarin in neutral zone.
4:06 of 3rd period - Shot by Artemi Panarin.
4:06 of 3rd period - Shot Misses the Net.
4:08 of 3rd period - Shot by Phil Kessel.
4:08 of 3rd period - Shot Misses the Net.
4:10 of 3rd period - Shot by Dion Phaneuf.
4:10 of 3rd period - Goal by Dion Phaneuf - BlackHawks : 3 - Jets : 4.
4:11 of 3rd period - Frans Nielsen wins face-off versus Jack Eichel in neutral zone.
4:14 of 3rd period - John-Michael Liles is hit by Brayden Schenn.
4:38 of 3rd period - Shot by Frans Nielsen.
4:38 of 3rd period - Shot Misses the Net.
4:52 of 3rd period - Shot by Frans Nielsen.
4:52 of 3rd period - Stopped by Craig Anderson with a rebound.
5:20 of 3rd period - Shot by Nick Bonino.
5:20 of 3rd period - Stopped by Craig Anderson with a rebound.
5:32 of 3rd period - Shot by Rickard Rakell.
5:32 of 3rd period - Shot Misses the Net.
5:34 of 3rd period - Shot by Jason Zucker.
5:34 of 3rd period - Deflect By Rickard Rakell.
5:34 of 3rd period - Goal by Rickard Rakell - BlackHawks : 3 - Jets : 5.
5:35 of 3rd period - David Krejci wins face-off versus Sam Bennett in neutral zone.
6:07 of 3rd period - Icing by Nick Holden.
6:08 of 3rd period - Alex Galchenyuk wins face-off versus David Krejci in Jets zone.
6:24 of 3rd period - Minor Penalty to Adam McQuaid for Interference.
6:25 of 3rd period - Brayden Schenn wins face-off versus Steve Ott in BlackHawks zone.
6:28 of 3rd period - Shot by Cam Atkinson.
6:28 of 3rd period - Stopped by Craig Anderson without a rebound.
6:29 of 3rd period - Steve Ott wins face-off versus Frans Nielsen in BlackHawks zone.
6:51 of 3rd period - Cam Atkinson is hit by Dion Phaneuf and loses puck.
7:05 of 3rd period - Brayden Schenn is hit by Dion Phaneuf.
8:50 of 3rd period - Shot by Patrik Elias.
8:50 of 3rd period - Shot Misses the Net.
8:52 of 3rd period - Shot by Adam McQuaid.
8:52 of 3rd period - Stopped by Calvin Pickard without a rebound.
8:53 of 3rd period - Teemu Pulkkinen wins face-off versus Alex Galchenyuk in Jets zone.
8:53 of 3rd period - Teemu Pulkkinen is hit by Alex Galchenyuk.
9:46 of 3rd period - Shot by Frans Nielsen.
9:46 of 3rd period - Stopped by Craig Anderson without a rebound.
9:47 of 3rd period - David Krejci wins face-off versus Sam Bennett in BlackHawks zone.
9:56 of 3rd period - Shot by Joe Pavelski.
9:56 of 3rd period - Stopped by Craig Anderson without a rebound.
9:57 of 3rd period - Jack Eichel wins face-off versus Frans Nielsen in BlackHawks zone.
10:10 of 3rd period - Shot by Tom Wilson.
10:10 of 3rd period - Deflect By Jack Eichel.
10:10 of 3rd period - Shot Misses the Net.
10:12 of 3rd period - Shot by Dion Phaneuf.
10:12 of 3rd period - Stopped by Calvin Pickard without a rebound.
10:13 of 3rd period - David Krejci wins face-off versus Sam Bennett in Jets zone.
10:13 of 3rd period - Joe Pavelski is hit by Zack Kassian and loses puck.
10:29 of 3rd period - David Krejci is hit by Adam McQuaid and loses puck.
10:56 of 3rd period - Shot by Jamie Benn.
10:56 of 3rd period - Shot Misses the Net.
10:58 of 3rd period - Shot by David Krejci.
10:58 of 3rd period - Shot Misses the Net.
11:22 of 3rd period - Shot by Frans Nielsen.
11:22 of 3rd period - Stopped by Craig Anderson without a rebound.
11:23 of 3rd period - Nick Bonino wins face-off versus Alex Galchenyuk in BlackHawks zone.
11:43 of 3rd period - Icing by Rickard Rakell.
11:44 of 3rd period - Jack Eichel wins face-off versus Nick Bonino in Jets zone.
11:53 of 3rd period - Shot by Jason Chimera.
11:53 of 3rd period - Shot Misses the Net.
12:12 of 3rd period - Icing by Roman Polak.
12:13 of 3rd period - Frans Nielsen wins face-off versus Jack Eichel in BlackHawks zone.
12:48 of 3rd period - Minor Penalty to Brent Seabrook for Holding.
12:49 of 3rd period - Nick Bonino wins face-off versus Alex Galchenyuk in Jets zone.
13:24 of 3rd period - Shot by Kris Letang.
13:24 of 3rd period - Shot Misses the Net.
13:55 of 3rd period - Shot by Jack Eichel.
13:55 of 3rd period - Stopped by Calvin Pickard without a rebound.
13:56 of 3rd period - Jack Eichel wins face-off versus Adam Lowry in Jets zone.
14:55 of 3rd period - Shot by Steve Ott.
14:55 of 3rd period - Shot Misses the Net.
15:54 of 3rd period - Shot by Frans Nielsen.
15:54 of 3rd period - Stopped by Craig Anderson without a rebound.
15:55 of 3rd period - Nick Bonino wins face-off versus Alex Galchenyuk in BlackHawks zone.
17:03 of 3rd period - Shot by Tom Wilson.
17:03 of 3rd period - Shot Misses the Net.
17:05 of 3rd period - Shot by Dion Phaneuf.
17:05 of 3rd period - Stopped by Calvin Pickard without a rebound.
17:06 of 3rd period - Sam Bennett wins face-off versus Frans Nielsen in Jets zone.
17:33 of 3rd period - Shot by Patrik Elias.
17:33 of 3rd period - Deflect By Zack Kassian.
17:33 of 3rd period - Shot Misses the Net.
17:35 of 3rd period - Shot by Zack Kassian.
17:35 of 3rd period - Shot Misses the Net.
17:37 of 3rd period - Shot by Zack Kassian.
17:37 of 3rd period - Stopped by Calvin Pickard with a rebound.
17:39 of 3rd period - Shot by Zack Kassian.
17:39 of 3rd period - Goal by Zack Kassian - BlackHawks : 4 - Jets : 5.
17:40 of 3rd period - Jack Eichel wins face-off versus David Krejci in neutral zone.
17:47 of 3rd period - Shot by Jack Eichel.
17:47 of 3rd period - Shot Misses the Net.
18:17 of 3rd period - Shot by Jamie Benn.
18:17 of 3rd period - Shot Misses the Net.
19:03 of 3rd period - Shot by Teemu Pulkkinen.
19:03 of 3rd period - Goal by Teemu Pulkkinen - BlackHawks : 4 - Jets : 6.
19:04 of 3rd period - Frans Nielsen wins face-off versus Alex Galchenyuk in neutral zone.
19:09 of 3rd period - Shot by Cam Atkinson.
19:09 of 3rd period - Stopped by Craig Anderson with a rebound.
19:21 of 3rd period - Shot by Artemi Panarin.
19:21 of 3rd period - Shot Misses the Net.
19:27 of 3rd period - Shot by Artemi Panarin.
19:27 of 3rd period - Shot Blocked by Frans Nielsen.
19:29 of 3rd period - Shot by Artemi Panarin.
19:29 of 3rd period - Shot Blocked by Hampus Lindholm.
19:31 of 3rd period - Shot by Artemi Panarin.
19:31 of 3rd period - Shot Misses the Net.
Goals for this period are 2 for BlackHawks vs 3 for Jets.
Shots for this period are 9 for BlackHawks vs 14 for Jets.